 Dungeon Crawl Stone Soup version 0.27.1-4-g1640c2035a (webtiles) character file.

Game seed: 7450914830459203747

741 pkoi the Ruffian (level 7, -2/58 HPs)
             Began as a Black Draconian Gladiator on Nov 15, 2021.
             Killed by an exploding iguana (8 damage)
             ... ignited by their inner flame
             ... on level 5 of the Dungeon.
             The game lasted 00:04:57 (4518 turns).

pkoi the Ruffian (Black Draconian Gladiator)        Turns: 4518, Time: 00:04:58

Health: -2/58      AC:  9    Str: 16    XL:     7   Next: 47%
Magic:  7/7        EV: 13    Int: 10    God:
Gold:   145        SH:  0    Dex: 13    Spells: 6/6 levels left

rFire    + + .     SeeInvis .   e - +7 great mace "Firestarter" {inner flame, rF++}
rCold    . . .     Faith    .   (shield currently unavailable)
rNeg     . . .     Spirit   .   (armour unavailable)
rPois    .         Reflect  .   a - +1 hat
rElec    +         Harm     .   k - +1 cloak
rCorr    .         Rampage  .   (no gloves)
Will     +....                  (no boots)
Stlth    +.........             (no amulet)
HPRegen  0.19/turn              f - ring of willpower
MPRegen  0.10/turn              (no ring)

@: no status effects
A: breathe lightning, AC +6, unfitting armour, electricity resistance,
cold-blooded
a: Breathe Lightning


You were on level 5 of the Dungeon.
You visited 1 branch of the dungeon, and saw 5 of its levels.

You collected 145 gold pieces.

Inventory:

Hand Weapons
 e - the +7 great mace "Firestarter" (weapon) {inner flame, rF++}
   (You acquired it on level 4 of the Dungeon)

   It burns those it strikes, dealing additional fire damage.
   It fills those it strikes with an explosive inner flame.
   It grants immunity to clouds of flame.
   rF:        It greatly protects you from fire.
Missiles
 b - 3 throwing nets (quivered)
 g - 7 boomerangs
 n - 6 javelins
Armour
 a - a +1 hat (worn)
 k - a +1 cloak (worn)
Jewellery
 d - a ring of ice
 f - a ring of willpower (left hand)
Wands
 p - a wand of digging (3)
Scrolls
 m - a scroll of enchant armour
Potions
 c - 2 potions of attraction {unknown}
 h - a potion of cancellation {unknown}
 i - a potion of mutation {unknown}
 j - a potion of heal wounds {unknown}
 l - a potion of brilliance {unknown}
 o - a potion of haste {unknown}
 q - a potion of might {unknown}


   Skills:
 + Level 3.7 Fighting
 - Level 1.7 Throwing
 + Level 3.7 Dodging
 * Level 7.9 Unarmed Combat


You had 6 spell levels left.
You didn't know any spells.
Your spell library contained the following spells:

 Spells                   Type           Power      Damage    Failure   Level
 Magic Dart               Conj           0%         1d3       36%         1
 Searing Ray              Conj           0%         3d3       50%         2
 Fulminant Prism          Conj/Hex       0%         3d6       98%         4


Dungeon Overview and Level Annotations

Branches:
Dungeon (5/15)
 Temple: D:4-7

Altars:
Trog

Annotations:
D:4 2 transporters, seaofthunder's ghost, amateur HuCj


Innate Abilities, Weirdness & Mutations

You can breathe wild blasts of lightning.
Your glossy black scales are hard. (AC +6)
You cannot fit into any form of body armour.
You are resistant to electric shocks. (rElec)
You are cold-blooded and may be slowed by cold attacks.


Message History

Unknown command.
You closely miss the iguana.
You feel very sick. The scorpion closely misses you.
The iguana hisses menacingly.
The iguana bites you.
The scorpion stings you but does no damage.
Unknown command.
You bludgeon the scorpion!! You burn the scorpion.
You kill the scorpion!
You feel very sick. The iguana barely misses you. The iguana bites you.
* * * LOW HITPOINT WARNING * * *
You feel sick. The iguana closely misses you.
You feel sick.
You closely miss the iguana.
You feel sick. The iguana bites you.
* * * LOW HITPOINT WARNING * * *
The iguana bites you.
* * * LOW HITPOINT WARNING * * *
You closely miss the iguana.
You feel sick.
You are no longer poisoned.
The iguana bites you.
* * * LOW HITPOINT WARNING * * *
The iguana closely misses you.
You sock the iguana! You burn the iguana.
The iguana is filled with an inner flame.
Your tail-slap misses the iguana.
The iguana is almost dead.
The iguana barely misses you.
Unknown command.
You barely miss the iguana.
You tail-slap the iguana, but do no damage.
The iguana is almost dead.
The iguana barely misses you. The iguana bites you.
* * * LOW HITPOINT WARNING * * *
Unknown command.
You thump the iguana! You burn the iguana.
The iguana explodes!
The fiery explosion engulfs you! You resist.
You die...

..).......#.#
..s#####..#.#
### #s.#.#
#..#.# #..#.#
###
#..#.#####.##
#..#.......<#
#..#######§§#
#........@§§#
#.#########§#
#.#####.....#
#.......#####
#########


There were no monsters in sight!

Vanquished Creatures
  Duvessa (D:5)
  2 phantoms (D:4)
  Dowan (D:5)
  2 scorpions
  A jelly (D:5)
  2 hounds (D:4)
  A centaur skeleton (D:4)
  3 iguanas
  4 adders
  2 howler monkey skeletons (D:4)
  A white imp (D:4)
  2 worms
  4 dart slugs
  8 orcs
  10 ball pythons
  10 bats
  4 endoplasms
  6 giant cockroaches
  3 goblins
  A hobgoblin (D:1)
  2 kobolds
  5 quokkas
  4 frilled lizards
  6 rats
85 creatures vanquished.

Vanquished Creatures (collateral kills)
  An adder (D:4)
1 creature vanquished.

Grand Total: 86 creatures vanquished

Notes
Turn   | Place    | Note
-------+----------+-------------------------------------------
     0 | D:1      | pkoi the Draconian Gladiator began the quest for the Orb.
     0 | D:1      | Reached XP level 1. HP: 17/17 MP: 1/1
   282 | D:1      | Reached XP level 2. HP: 24/24 MP: 2/2
   598 | D:1      | Reached skill level 4 in Unarmed Combat
  1048 | D:2      | Found a bloodstained altar of Trog.
  1074 | D:2      | Reached XP level 3. HP: 27/29 MP: 3/3
  2042 | D:3      | Reached XP level 4. HP: 36/36 MP: 4/4
  2108 | D:3      | Found a faded altar of an unknown god.
  2236 | D:3      | Reached skill level 5 in Unarmed Combat
  2344 | D:3      | Found a bloodstained altar of Trog.
  2807 | D:4      | Reached XP level 5. HP: 31/41 MP: 5/5
  2817 | D:4      | Reached skill level 6 in Unarmed Combat
  3165 | D:4      | Noticed a phantom
  3178 | D:4      | Killed a phantom
  3386 | D:4      | Found a transporter.
  3431 | D:4      | Reached XP level 6. HP: 48/48 MP: 6/6
  3505 | D:4      | Reached skill level 7 in Unarmed Combat
  3608 | D:4      | Found a transporter.
  3608 | D:4      | Noticed seaofthunder's ghost (amateur HuCj)
  4026 | D:4      | Identified a scroll of acquirement
  4026 | D:4      | Acquired the +7 great mace "Firestarter" {inner flame,
                  | rF++}
  4026 | D:4      | Found the +7 great mace "Firestarter" {inner flame, rF++}
  4328 | D:5      | Entered Level 5 of the Dungeon
  4364 | D:5      | Noticed Duvessa
  4364 | D:5      | Noticed Dowan
  4370 | D:5      | Killed Duvessa
  4370 | D:5      | Killed Dowan
  4371 | D:5      | Your scales start taking on a glossy black colour.
  4371 | D:5      | Reached XP level 7. HP: 40/57 MP: 7/7
  4371 | D:5      | Gained mutation: You are resistant to electric shocks.
                  | (rElec) [Black Draconian growth]
  4518 | D:5      | Killed by an exploding iguana... ignited by their inner
                  | flame

Illustrated notes

Levels and vault maps discovered:
D:1:      roderic_chinese_lattice_arrival, layout_loops_ring, minivault_26,
          minmay_pentomino_s2
D:2:      layout_basic, basic_altar
D:3:      layout_loops_corners, mainiacjoe_overflow_paths,
          ebering_ecumenical_altar_abandoned
D:4:      layout_basic, gammafunk_ghost_mausoleum, grunt_decor_mini_mirrors
D:5:      layout_basic, uniq_duvessa

Skill      XL: |  1  2  3  4  5  6 |
---------------+-------------------+-----
Unarmed Combat | 4 5 6 7 |  7.9
Dodging        | 3 |  3.7
Fighting       | 3 |  3.7
Throwing       | |  1.7

Action                   |  1- 3 |  4- 6 |  7- 9 || total
-------------------------+-------+-------+-------++-------
Melee: Unarmed           |   132 |   159 |       ||   291
       Tailslap          |    13 |    26 |     1 ||    40
       Punch             |     1 |     2 |       ||     3
       Great mace        |       |    10 |    14 ||    24
  Use: Scroll            |     2 |     3 |       ||     5
 Stab: Sleeping          |     1 |       |       ||     1
Armor: Skin              |    53 |    43 |     5 ||   101
Dodge: Dodged            |    84 |   105 |    15 ||   204
